 Dungeon Crawl Stone Soup version 0.24.0-13-gcf9b319 (webtiles) character file.

Game seed: 6062563819979942168, levelgen mode: deterministic

8324 Fang the Fighter (level 11, -3/72 HPs)
             Began as a Gargoyle Berserker on Nov 11, 2019.
             Was a High Priest of Trog.
             Slain by an ice dragon (7 damage)
             ... on level 10 of the Dungeon.
             The game lasted 00:11:58 (8727 turns).

Fang the Fighter (Gargoyle Berserker)               Turns: 8727, Time: 00:11:59

Health: -3/72      AC: 31    Str: 23    XL:     11   Next: 29%
Magic:  11/11      EV: 12    Int:  9    God:    Trog [*****.]
Gold:   298        SH:  0    Dex:  9    Spells: 10/10 levels left

rFire    . . .     SeeInvis .   f - +4 war axe (venom)
rCold    . . .     Gourm    .   (no shield)
rNeg     + . .     Faith    .   b - +1 plate armour
rPois    ∞         Spirit   .   v - +2 hat
rElec    +         Reflect  .   (no cloak)
rCorr    .         Harm     .   (no gloves)
MR       ++...                  p - +2 pair of boots
Stlth    ..........             (no amulet)
HPRegen  1.22/turn              k - +3 ring of protection
MPRegen  0.12/turn              t - +2 ring of evasion

@: berserk cooldown, starving, regenerating, slowed, very slow
A: negative energy resistance 1, electricity resistance, unbreathing,
petrification resistance, rot immunity, AC +8
a: Berserk, Trog's Hand, Brothers in Arms, Renounce Religion


You were on level 10 of the Dungeon.
You worshipped Trog.
Trog was extremely pleased with you.
You were starving.

You visited 3 branches of the dungeon, and saw 12 of its levels.

You collected 413 gold pieces.
You spent 115 gold pieces at shops.

Inventory:

Hand Weapons
 a - a +1 war axe
 f - a +4 war axe of venom (weapon)
Armour
 b - a +1 plate armour (worn)
 p - a +2 pair of boots (worn)
 v - a +2 hat (worn)
Jewellery
 k - a +3 ring of protection (left hand)
 o - an uncursed ring of protection from magic
 t - a +2 ring of evasion (right hand)
Wands
 d - a wand of clouds (2)
 s - a wand of random effects (19)
 x - a wand of digging (10)
 D - a wand of enslavement (10)
 I - a wand of disintegration (26)
Scrolls
 e - 3 scrolls of remove curse
 i - a scroll of fog
 l - a scroll of magic mapping
 y - 5 scrolls of teleportation
 B - a scroll of silence {unknown}
 E - a scroll of fear
 H - a scroll of brand weapon {unknown}
Potions
 g - 2 potions of agility
 h - 3 potions of resistance {unknown}
 j - a potion of flight {unknown}
 m - a potion of cancellation {unknown}
 n - 3 potions of heal wounds
 q - 2 potions of haste
 r - 5 potions of curing
 u - 3 potions of brilliance {unknown}
 w - a potion of lignification {unknown}
 z - a potion of might {unknown}
 A - a potion of ambrosia {unknown}
 C - 2 potions of mutation {unknown}
 G - a potion of berserk rage {unknown}
 K - a potion of invisibility {unknown}
Comestibles
 c - 12 rations


   Skills:
 + Level 10.0 Fighting
 + Level 8.4 Axes
 + Level 9.7 Armour
 + Level 7.4 Dodging


You had 10 spell levels left.
You didn't know any spells.
Your spell library was empty.

Dungeon Overview and Level Annotations

Branches:
Dungeon (10/15)            Temple (1/1) D:5             Orc (1/2) D:9
   Lair: D:8-11

Altars:
Ashenzari
Elyvilon
Fedhas
Hepliaklqana
Kikubaaqudgha
Makhleb
Nemelex Xobeh
Qazlal
Ru
Trog
Vehumet
Yredelemnul
Beogh

Shops:
D:5 *


Innate Abilities, Weirdness & Mutations

You are resistant to torment.
Your stone body is resilient. (AC +8)
You are immune to poison.
You resist negative energy. (rN+)
You are resistant to electric shocks. (rElec)
You can survive without breathing.
You are immune to petrification.
You are immune to rotting.


Message History

The ice dragon bites you but does no damage.
The ice dragon claws you but does no damage.
The ice dragon tramples you but does no damage.
Your unstable footing causes you to fumble your attack.
The ice dragon bites you but does no damage.
The ice dragon claws you.
* * * LOW HITPOINT WARNING * * *
The ice dragon tramples you.
* * * LOW HITPOINT WARNING * * *
You stumble backwards!
Splash!
Your unstable footing causes you to fumble your attack.
You slash the ice dragon!
The ice dragon looks as sick as possible!
The ice dragon is almost dead.
You are no longer berserk.
Trog's vigour flows through your veins.
You are exhausted.
You feel yourself slow down. The ice dragon bites you!
You die...

##### ####≈≈≈#####
###..≈≈≈≈....!
##....@D≈....!$
###......≈≈≈..$%$
#####.........≈≈≈≈$$≈
#####.............≈≈≈≈≈≈≈
......#####........≈≈≈≈≈≈
.###### ##.......≈≈≈≈≈≈
.# ####...≈≈≈≈≈≈≈ ##
######≈≈≈≈≈ ####


You could see an ice dragon.

Vanquished Creatures
  Pikel (D:6)
  2 tyrant leeches (D:10)
  2 vampires (D:10)
  11 yaks (D:10)
  A wraith (D:10)
  3 vampire mosquitoes (D:10)
  Menkaure (D:6)
  2 ice beasts
  4 orc warriors
  2 phantoms (D:10)
  4 slaves (D:6)
  8 ogres
  An eye of draining (D:10)
  3 centaurs
  2 crocodiles (D:9)
  3 bullfrogs
  A wyvern skeleton (D:8)
  3 scorpions
  11 killer bees
  8 wights
  2 howler monkeys
  4 crimson imps
  2 bullfrog zombies
  4 hounds
  2 jellies (D:10)
  A centaur skeleton (D:9)
  A gnoll shaman (D:7)
  7 orc priests
  9 orc wizards
  2 bullfrog skeletons
  2 iguanas
  4 worker ants
  Ijyb (D:3)
  A killer bee zombie (D:9)
  5 gnolls (D:7)
  11 adders
  A shadow imp (D:5)
  An adder zombie (D:9)
  3 adder skeletons
  4 dart slugs
  9 leopard geckos
  24 orcs
  3 ball pythons
  4 giant cockroaches
  9 goblins
  3 hobgoblins
  16 jackals
  4 kobolds
  A quokka (D:2)
  7 bats
  8 frilled lizards
  A quokka skeleton (D:5)
  A quokka zombie (D:8)
  16 rats
246 creatures vanquished.

Vanquished Creatures (collateral kills)
  A hydra (D:10)
  A tyrant leech (D:10)
  A centaur (D:10)
3 creatures vanquished.

Grand Total: 249 creatures vanquished

Notes
Turn   | Place    | Note
-------+----------+-------------------------------------------
     0 | D:1      | Fang the Gargoyle Berserker began the quest for the Orb.
     0 | D:1      | Reached XP level 1. HP: 14/14 MP: 1/1
   182 | D:1      | Reached XP level 2. HP: 11/19 MP: 2/2
   707 | D:1      | Reached XP level 3. HP: 17/23 MP: 3/3
  1053 | D:2      | Reached XP level 4. HP: 14/29 MP: 4/4
  1335 | D:2      | Reached ** piety under Trog
  1632 | D:2      | Reached skill level 4 in Fighting
  2065 | D:3      | Noticed Ijyb
  2108 | D:3      | Killed Ijyb
  2108 | D:3      | Reached XP level 5. HP: 24/33 MP: 5/5
  2763 | D:4      | Reached XP level 6. HP: 15/39 MP: 6/6
  3046 | D:4      | Reached skill level 5 in Fighting
  3056 | D:4      | Reached XP level 7. HP: 15/44 MP: 7/7
  3408 | D:5      | Entered Level 5 of the Dungeon
  3421 | D:5      | Found Yske's Assorted Antiques.
  3451 | D:5      | Found a staircase to the Ecumenical Temple.
  3466 | Temple   | Entered the Ecumenical Temple
  3476 | D:5      | Reached *** piety under Trog
  3587 | D:5      | Found a basalt altar of Yredelemnul.
  3598 | D:5      | Found a sparkling altar of Nemelex Xobeh.
  3623 | D:5      | Found an ancient bone altar of Kikubaaqudgha.
  3634 | D:5      | You fall into a shaft and drop 1 floor!
  3699 | D:6      | Noticed Pikel
  3719 | D:6      | Killed Pikel
  3719 | D:6      | Reached skill level 5 in Armour
  3719 | D:6      | Reached XP level 8. HP: 41/51 MP: 8/8
  3964 | D:6      | Reached skill level 6 in Fighting
  3964 | D:6      | Reached skill level 5 in Axes
  4269 | D:6      | Found a sacrificial altar of Ru.
  4322 | D:6      | Noticed Menkaure
  4323 | D:6      | You fall into a shaft and drop 1 floor!
  4566 | D:7      | Found a shattered altar of Ashenzari.
  4883 | D:7      | Reached skill level 7 in Fighting
  4883 | D:7      | Reached XP level 9. HP: 57/57 MP: 9/9
  5116 | D:6      | Reached skill level 5 in Dodging
  5119 | D:6      | Found a burning altar of Makhleb.
  5282 | D:6      | Killed Menkaure
  5454 | D:5      | Found a blossoming altar of Fedhas.
  5863 | D:8      | Found a white marble altar of Elyvilon.
  5921 | D:8      | Reached **** piety under Trog
  6272 | D:8      | Reached skill level 8 in Fighting
  6539 | D:9      | Found a bloodstained altar of Trog.
  6574 | D:9      | Reached XP level 10. HP: 64/64 MP: 10/10
  6655 | D:9      | Found a hazy altar of Hepliaklqana.
  6690 | D:9      | Reached ***** piety under Trog
  6899 | D:9      | Found a staircase to the Orcish Mines.
  6903 | D:9      | Found a roughly hewn altar of Beogh.
  7193 | D:9      | Found a stormy altar of Qazlal.
  7206 | D:9      | Found a radiant altar of Vehumet.
  7695 | Orc:1    | Entered Level 1 of the Orcish Mines
  7695 | Orc:1    | Noticed a cyclops
  7714 | D:10     | Entered Level 10 of the Dungeon
  7765 | D:10     | Reached skill level 9 in Fighting
  7801 | D:10     | Noticed an eight-headed hydra
  7808 | D:10     | Killed an eight-headed hydra
  7927 | D:10     | Received a gift from Trog
  7927 | D:10     | Reached XP level 11. HP: 28/71 MP: 11/11
  8247 | D:10     | Reached skill level 10 in Fighting
  8507 | D:5      | Bought a potion of heal wounds for 115 gold pieces
  8710 | D:10     | Noticed an ice dragon
  8725 | D:10     | HP: 4/108 [ice dragon (2)]
  8727 | D:10     | Slain by an ice dragon

Levels and vault maps discovered:
D:1:      sevenhm_arrival_forest_fort_small_3, layout_loops_ring
D:2:      minmay_general_purpose_star, layout_loops_cross, minmay_pentomino_s4
D:3:      layout_loops_ring, first_ration, kennysheep_boxes, uniq_ijyb
D:4:      layout_rooms
D:5:      layout_basic, kennysheep_mini_moat,
          chequers_temple_overflow_statue_of_worship, minmay_temple_entry_wispy,
          serial_shops, nicolae_shop_stone, basic_altar
D:6:      layout_layer_cave, makhleb_heckhound_becter, nicolae_ru_awakened_eye,
          uniq_pikel, uniq_menkaure
D:7:      layout_gridville, lemuel_round_altar
D:8:      layout_basic, lemuel_doored_altar
D:9:      layout_small_grid, old_standard_altar, fiery_altar_vehumet,
          old_standard_altar, minmay_orc_entry_temple_small, grunt_ogre_cave,
          grunt_qazlal_clouds
D:10:     dragon1_lemuel, layout_rooms, minmay_guarded_unrand_vampires_tooth
Temple:   minmay_temple_bridge_abc
Orc:1:    layout_diamond_mine

Skill      XL: |  1  2  3  4  5  6  7  8  9 10 11 |
---------------+----------------------------------+-----
Axes           | 3 4 5 6 8 |  8.4
Dodging        | 2 3 4 5 7 |  7.4
Armour         | 3 4 5 6 7 9 |  9.7
Fighting       | 4 5 7 8 9 10 | 10.0

Action                   |  1- 3 |  4- 6 |  7- 9 | 10-12 || total
-------------------------+-------+-------+-------+-------++-------
Melee: Hand axe          |   137 |   116 |       |       ||   253
       War axe           |       |   110 |   288 |   201 ||   599
Invok: Berserk           |       |     3 |     3 |     7 ||    13
       Trog's Hand       |       |       |       |     3 ||     3
       Brothers in Arms  |       |       |       |     2 ||     2
Evoke: Wand              |       |       |       |     2 ||     2
  Use: Scroll            |       |       |    16 |     1 ||    17
       Potion            |       |       |       |     3 ||     3
  Eat: Chunk             |     1 |     9 |    11 |    10 ||    31
       Ration            |       |       |     1 |     1 ||     2
Armor: Animal skin       |    54 |    52 |       |       ||   106
       Chain mail        |       |    94 |    21 |       ||   115
       Plate armour      |       |       |   172 |   242 ||   414
Dodge: Dodged            |   106 |   144 |   183 |   167 ||   600
